 Dungeon Crawl Stone Soup version 0.16-a0-223-g37887f7 (webtiles) character file.

45 MDvedh the Cudgeler (level 3, -1/45 HPs)
             Began as a Minotaur Wanderer on Aug 20, 2014.
             Slain by ghwc's ghost (3 damage)
             ... on Level 3 of the Dungeon.
             The game lasted 00:02:23 (1292 turns).

MDvedh the Cudgeler (Minotaur Wanderer)             Turns: 1292, Time: 00:02:23

HP  -1/45        AC 21     Str 17      XL: 3   Next: 42%
MP   0/3         EV  2     Int 11      God:
Gold 71          SH  0     Dex  7      Spells:  0 memorised,  4 levels left

rFire  . . .     SeeInvis .     a - +2 mace
rCold  . . .     Clarity  .     b - melded +0 ring mail
rNeg   + + +     rCorr    .     (no shield)
rPois  +         rRot     .     (helmet restricted)
rElec  .         Spirit   +     (cloak currently unavailable)
SustAb .         Warding  .     (gloves currently unavailable)
rMut   .         NoTele   +     (boots currently unavailable)
Gourm  .                        m - amulet of guardian spirit
MR     .....                    (no ring)
                                (no ring)

@: tree-form (expiring), not resistant to hostile enchantments, very unstealthy
A: (retaliatory headbutt), (horns 0)
a: no special abilities


You were on level 3 of the Dungeon.
You were very hungry.
You were an animated tree.
You visited 1 branch of the dungeon, and saw 3 of its levels.

You collected 71 gold pieces.

Inventory:

Hand weapons
 a - a +2 mace (weapon)
Armour
 b - a +0 ring mail (melded)
Magical devices
 u - a wand of draining (3) {unknown}
Comestibles
 d - 3 bread rations
 f - a slice of pizza
Scrolls
 e - a scroll of recharging {unknown}
 g - 2 scrolls of random uselessness {unknown}
 j - 4 scrolls of teleportation {unknown}
 k - 2 scrolls of amnesia {unknown}
 l - a scroll of blinking {unknown}
 o - a scroll of fog {unknown}
 p - 2 scrolls of enchant armour {unknown}
 q - a scroll of fear {unknown}
Jewellery
 m - an amulet of guardian spirit (around neck)
Potions
 h - a potion of resistance {unknown}
 i - a potion of mutation {unknown}
 n - a potion of cancellation {unknown}
 s - a potion of cure mutation {unknown}
 t - a potion of might {unknown}


   Skills:
 - Level 2.4 Fighting
 + Level 4.1 Maces & Flails
 - Level 1.0 Throwing
 - Level 2.4 Armour
 - Level 1.0 Stealth
 - Level 1.0 Spellcasting
   Level 1.3 Poison Magic


You had 4 spell levels left.
You didn't know any spells.

Dungeon Overview and Level Annotations

Branches:
Dungeon (3/15)

Altars:
Fedhas

Annotations:
D:3 ghwc's ghost, average HOGl


Innate Abilities, Weirdness & Mutations

((You reflexively headbutt those who attack you in melee.))
((You have a pair of horns on your head.))


Message History

You barely miss ghwc's ghost.
Ghwc's ghost is severely damaged.
Ghwc's ghost hits you.
* * * LOW HITPOINT WARNING * * *
Unknown command.
Drink which item? (? for menu, Esc to quit)
Okay, then.
Unknown command.
Drink which item? (? for menu, Esc to quit)
You feel better.
It was a potion of curing.
Ghwc's ghost hits you.
* * * LOW HITPOINT WARNING * * *
Drink which item? (? for menu, Esc to quit)
You feel better. Ghwc's ghost hits you.
* * * LOW HITPOINT WARNING * * *
You barely miss ghwc's ghost.
Ghwc's ghost is severely damaged.
Ghwc's ghost hits you!
* * * LOW HITPOINT WARNING * * *
Ghwc's ghost hits you.
You die...

#.....<.#####...##..#...###.
#....<..#......####.........
#.................########..
##.....##....####.........
##...#####..# #########.
########..## #.....##
##.######### #..##....♣W#
#.###..###........ ##.#
##.## ####### ##..##
#..########
#>...####.........
#...............!.
#....######...... ##..##
##.#.. #### .# $


You could see ghwc's ghost.

Vanquished Creatures
  2 adders (D:2)
  An ooze (D:1)
  A ball python (D:2)
  4 bats
  A giant cockroach (D:2)
  7 goblins
  3 hobgoblins
  2 kobolds
  2 giant newts (D:2)
  7 rats
30 creatures vanquished.

Notes
Turn   | Place    | Note
--------------------------------------------------------------
     0 | D:1      | MDvedh, the Minotaur Wanderer, began the quest for the Orb.
     0 | D:1      | Reached XP level 1. HP: 18/18 MP: 2/2
   350 | D:1      | Reached XP level 2. HP: 25/25 MP: 2/2
   805 | D:2      | Reached skill level 3 in Maces & Flails
   895 | D:2      | Reached XP level 3. HP: 25/30 MP: 3/3
  1017 | D:2      | Reached skill level 4 in Maces & Flails
  1094 | D:2      | Found a blossoming altar of Fedhas.
  1243 | D:3      | Noticed ghwc's ghost (average HOGl)
  1292 | D:3      | HP: 2/45 [ghwc's ghost (9)]
  1292 | D:3      | Slain by ghwc's ghost

Action                   || total
-------------------------++-------
Melee: Mace              ||    82
  Use: Potion            ||     3
